AoeStats
← Stephan der Wütende

QS Arena

503204633Analyzed
1v1 RM · 1mo ago on Aug 30, 2026· 59m 35s· 2 players
Game mode
Random Map
Map size
Tiny (2 player)
Population
200
Speed
Normal
Resources
Standard
Victory
Conquest
Starting age
Dark Age
Ending age
Imperial Age
RankedLock teamsTeams togetherTeam positionsShared explorationLock speedFull tech treeHidden civsTurbo modeCheats
Victory
Defeat
🇦🇷 Huns · Argentina
702
+16
🇩🇪 Turks · Germany
709
-16
Fedepp
9:34 Feudal Age
7:50 Loom
14:17 Castle Age
15:23 Double-Bit Axe
15:20 Horse Collar
24:33 Forging
24:29 Scale Barding Armor
24:18 Gold Mining
25:08 Crossbowman
27:45 Heavy Plow
29:15 Bow Saw
29:08 Padded Archer Armor
32:01 Gold Shaft Mining
31:19 Stone Mining
32:21 Wheelbarrow
32:59 Thumb Ring
35:09 Husbandry
35:23 Bloodlines
35:38 Chain Barding Armor
35:47 Town Watch
36:37 Scale Mail Armor
37:13 Iron Casting
36:57 Leather Archer Armor
36:33 Fletching
40:47 Imperial Age
40:06 Hand Cart
39:53 Bodkin Arrow
42:03 Parthian Tactics
43:31 Parthian Tactics
42:28 Heavy Cavalry Archer
43:16 Bracer
44:18 Blast Furnace
45:49 Chemistry
45:10 Ballistics
45:50 Conscription
46:03 Atheism
45:55 Marauders
46:13 Masonry
46:01 Murder Holes
46:31 Town Patrol
47:13 Plate Barding Armor
46:07 Light Cavalry
49:01 Elite Tarkan
Stephan der Wütende
5:36 Loom
9:48 Feudal Age
10:09 Horse Collar
10:16 Double-Bit Axe
14:44 Gold Mining
17:21 Castle Age
16:31 Stone Mining
16:59 Forging
18:19 Heavy Plow
19:34 Squires
19:20 Arson
20:09 Arson
24:27 Wheelbarrow
29:43 Imperial Age
27:54 Bow Saw
28:15 Fletching
29:53 Town Watch
31:25 Bodkin Arrow
31:36 Scale Barding Armor
31:33 Padded Archer Armor
34:56 Bloodlines
35:29 Masonry
36:31 Ballistics
37:00 Fortified Wall
37:10 Leather Archer Armor
37:34 Treadmill Crane
37:51 Murder Holes
39:21 Scale Mail Armor
39:43 Chain Barding Armor
41:06 Two-Man Saw
42:22 Sappers
43:13 Conscription
45:05 Artillery
46:44 Gold Shaft Mining
47:47 Town Patrol
48:24 Ring Archer Armor
48:11 Chain Mail Armor
49:24 Hand Cart
50:03 Architecture
53:31 Plate Barding Armor
53:26 Plate Mail Armor
53:31 Iron Casting
52:57 Bracer
53:09 Guilds
53:45 Arrowslits
55:27 Hoardings
55:14 Sipahi
57:10 Elite Janissary
Connection lost

Rejoining the realm…

Still unreachable

The connection could not be restored.

Session expired

The server has moved on; the page needs a fresh start.